TOP OF THE 1ST |
Portland Angels batting - Pitching for Roswell Invaders : RHP John Palumbo
|
Pitching: RHP John Palumbo
|
|
Batting: RHB Dan Burkhart
|
0-0: Foul Ball, location: 2F 0-1: Ball 1-1: Foul Ball, location: 2F 1-2: Strikes out looking
|
Batting: LHB Dave Hicks
|
0-0: Ball 1-0: Swinging Strike 1-1: Foul Ball, location: 2F 1-2: Ball 2-2: Strikes out swinging
|
Batting: LHB Mario Anguiano
|
0-0: Ball 1-0: Called Strike 1-1: Foul Ball, location: 2F 1-2: Strikes out swinging
|
Top of the 1st over - 0 runs, 0 hits, 0 errors, 0 left on base; Portland 0 - Roswell 0 |
BOTTOM OF THE 1ST |
Roswell Invaders batting - Pitching for Portland Angels : RHP Hector Carrizales
|
Pitching: RHP Hector Carrizales
|
|
Batting: RHB Orlando Florez
|
0-0: Ball 1-0: Ball 2-0: SINGLE (Groundball, 25, EV 75.0 MPH) (infield hit)
|
Batting: SHB Ethan Newby
|
0-0: Ball 1-0: Called Strike 1-1: Ball 2-1: Called Strike 2-2: SINGLE (Line Drive, 8LS, EV 90.6 MPH) Orlando Florez to second
|
Batting: LHB Dallas Kelly
|
0-0: Ball 1-0: Called Strike 1-1: Foul Ball, location: 2F 1-2: Fly out, F8 (Flyball, 89M, EV 88.8 MPH)
|
Batting: RHB Mike Swift
|
0-0: Fly out, F9 (Flyball, 9, EV 96.2 MPH)
|
Batting: RHB Josh Burrows
|
0-0: Fly out, F7 (Flyball, 7, EV 82.5 MPH)
|
Bottom of the 1st over - 0 runs, 2 hits, 0 errors, 2 left on base; Portland 0 - Roswell 0 |
TOP OF THE 2ND |
Portland Angels batting - Pitching for Roswell Invaders : RHP John Palumbo
|
Batting: RHB Juan Rosa
|
0-0: Ball 1-0: Foul Ball, location: 2F 1-1: Foul Ball, location: 2F 1-2: SINGLE (Groundball, 4M, EV 104.4 MPH)
|
Batting: LHB Spencer Palmer
|
0-0: Called Strike 0-1: Swinging Strike 0-2: Foul Ball, location: 2F 0-2: Strikes out swinging
|
Batting: LHB Griffin Ferris
|
0-0: Ball 1-0: Called Strike 1-1: Foul Ball, location: 2F 1-2: Fielders Choice at 2nd, 5-4 (Groundball, 15, EV 85.6 MPH)
|
Batting: RHB Dean LeCroy
|
0-0: Ball 1-0: Ball 2-0: Foul Ball, location: 2F 2-1: Ball 3-1: Called Strike 3-2: Strikes out swinging
|
Top of the 2nd over - 0 runs, 1 hit, 0 errors, 1 left on base; Portland 0 - Roswell 0 |
BOTTOM OF THE 2ND |
Roswell Invaders batting - Pitching for Portland Angels : RHP Hector Carrizales
|
Batting: LHB Josh Thomas
|
0-0: Ball 1-0: Fly out, F7 (Flyball, 78S, EV 85.0 MPH)
|
Batting: LHB Falco van Koeveringe
|
0-0: Fly out, F8 (Flyball, 78D, EV 105.6 MPH)
|
Batting: RHB Cody Savastand
|
0-0: Foul Ball, location: 2F 0-1: Ground out 5-3 (Groundball, 56S, EV 82.5 MPH)
|
Bottom of the 2nd over - 0 runs, 0 hits, 0 errors, 0 left on base; Portland 0 - Roswell 0 |
TOP OF THE 3RD |
Portland Angels batting - Pitching for Roswell Invaders : RHP John Palumbo
|
Batting: LHB Mark Reeg
|
0-0: Called Strike 0-1: Ball 1-1: Ball 2-1: Called Strike 2-2: Foul Ball, location: 2F 2-2: Ball 3-2: Foul Ball, location: 2F 3-2: Strikes out looking
|
Batting: SHB Danny Gelinas
|
0-0: Called Strike 0-1: Ball 1-1: Hit by Pitch
|
Batting: RHB Dan Burkhart
|
0-0: Ball 1-0: Called Strike 1-1: Ball 2-1: Foul Ball, location: 2F 2-2: Fielders Choice at 2nd, 6-4 (Groundball, 6, EV 103.8 MPH)
|
Batting: LHB Dave Hicks
|
0-0: Called Strike 0-1: Called Strike 0-2: Strikes out swinging
|
Top of the 3rd over - 0 runs, 0 hits, 0 errors, 1 left on base; Portland 0 - Roswell 0 |
BOTTOM OF THE 3RD |
Roswell Invaders batting - Pitching for Portland Angels : RHP Hector Carrizales
|
Batting: LHB Afanasy Apatenko
|
0-0: Called Strike 0-1: Ball 1-1: Called Strike 1-2: Strikes out swinging
|
Batting: RHB Orlando Florez
|
0-0: Swinging Strike 0-1: Fly out, F8 (Flyball, 8RD, EV 95.6 MPH)
|
Batting: SHB Ethan Newby
|
0-0: Ball 1-0: Called Strike 1-1: Fly out, F8 (Flyball, 8RD, EV 96.2 MPH)
|
Bottom of the 3rd over - 0 runs, 0 hits, 0 errors, 0 left on base; Portland 0 - Roswell 0 |
TOP OF THE 4TH |
Portland Angels batting - Pitching for Roswell Invaders : RHP John Palumbo
|
Batting: LHB Mario Anguiano
|
0-0: Ground out 4-3 (Groundball, 4, EV 78.1 MPH)
|
Batting: RHB Juan Rosa
|
0-0: Called Strike 0-1: Hit by Pitch
|
Batting: LHB Spencer Palmer
|
0-0: Ball 1-0: Foul Ball, location: 2F 1-1: Ball 2-1: Ball 3-1: Base on Balls Juan Rosa to second
|
Batting: LHB Griffin Ferris
|
0-0: Ground out 6-3 (Groundball, 6S, EV 69.4 MPH) Juan Rosa to third Spencer Palmer to second
|
Batting: RHB Dean LeCroy
|
0-0: Foul Ball, location: 2F 0-1: Called Strike 0-2: Ball 1-2: Strikes out looking
|
Top of the 4th over - 0 runs, 0 hits, 0 errors, 2 left on base; Portland 0 - Roswell 0 |
BOTTOM OF THE 4TH |
Roswell Invaders batting - Pitching for Portland Angels : RHP Hector Carrizales
|
Batting: LHB Dallas Kelly
|
0-0: Called Strike 0-1: Swinging Strike 0-2: Ball 1-2: Ball 2-2: Foul Ball, location: 2F 2-2: Strikes out swinging
|
Batting: RHB Mike Swift
|
0-0: Ball 1-0: Ball 2-0: Called Strike 2-1: SINGLE (Flyball, 8RS, EV 95.6 MPH)
|
Batting: RHB Josh Burrows
|
0-0: Ball 1-0: Ball 2-0: Ball 3-0: Called Strike 3-1: Foul Ball, location: 2F 3-2: Base on Balls Mike Swift to second
|
Batting: LHB Josh Thomas
|
0-0: Ball 1-0: Ball 2-0: Called Strike 2-1: Called Strike 2-2: Strikes out swinging
|
Batting: LHB Falco van Koeveringe
|
0-0: Called Strike 0-1: Called Strike 0-2: Strikes out swinging
|
Bottom of the 4th over - 0 runs, 1 hit, 0 errors, 2 left on base; Portland 0 - Roswell 0 |
TOP OF THE 5TH |
Portland Angels batting - Pitching for Roswell Invaders : RHP John Palumbo
|
Batting: LHB Mark Reeg
|
0-0: Ball 1-0: Fly out, F9 (Flyball, 9S, EV 85.0 MPH)
|
Batting: SHB Danny Gelinas
|
0-0: Called Strike 0-1: Ball 1-1: Ball 2-1: Called Strike 2-2: Foul Ball, location: 2F 2-2: Strikes out swinging
|
Batting: RHB Dan Burkhart
|
0-0: Swinging Strike 0-1: Ball 1-1: Swinging Strike 1-2: Foul Ball, location: 2F 1-2: Ball 2-2: Ball 3-2: Foul Ball, location: 2F 3-2: Ground out 5-3 (Groundball, 56S, EV 91.2 MPH)
|
Top of the 5th over - 0 runs, 0 hits, 0 errors, 0 left on base; Portland 0 - Roswell 0 |
BOTTOM OF THE 5TH |
Roswell Invaders batting - Pitching for Portland Angels : RHP Hector Carrizales
|
Batting: RHB Cody Savastand
|
0-0: Ground out 4-3 (Groundball, 34D, EV 93.1 MPH)
|
Batting: LHB Afanasy Apatenko
|
0-0: Foul Ball, location: 2F 0-1: Ball 1-1: Called Strike 1-2: Strikes out swinging
|
Batting: RHB Orlando Florez
|
0-0: Ball 1-0: Ball 2-0: Fly out, F8 (Line Drive, 8LD, EV 95.6 MPH)
|
Bottom of the 5th over - 0 runs, 0 hits, 0 errors, 0 left on base; Portland 0 - Roswell 0 |
TOP OF THE 6TH |
Portland Angels batting - Pitching for Roswell Invaders : RHP John Palumbo
|
Batting: LHB Dave Hicks
|
0-0: Ball 1-0: Swinging Strike 1-1: Ball 2-1: DOUBLE (Line Drive, 89M, EV 100.6 MPH)
|
Batting: LHB Mario Anguiano
|
0-0: Called Strike 0-1: Swinging Strike 0-2: Ground out 3-1 (Groundball, 34, EV 104.4 MPH) Dave Hicks to third
|
Batting: RHB Juan Rosa
|
0-0: Ball 1-0: Ball 2-0: Ball 3-0: Called Strike 3-1: Base on Balls
|
Batting: LHB Spencer Palmer
|
0-0: Ball 1-0: Called Strike 1-1: Swinging Strike 1-2: Ball 2-2: Ball 3-2: Fielders Choice at 2nd, 6-4 (Groundball, 6, EV 100.0 MPH) Dave Hicks scores
|
Batting: LHB Griffin Ferris
|
0-0: Ball 1-0: Swinging Strike 1-1: Foul Ball, location: 2F 1-2: Ball 2-2: Foul Ball, location: 2F 2-2: Fly out, F5 (Popup, 25F, EV 84.4 MPH)
|
Top of the 6th over - 1 run, 1 hit, 0 errors, 1 left on base; Portland 1 - Roswell 0 |
BOTTOM OF THE 6TH |
Roswell Invaders batting - Pitching for Portland Angels : RHP Hector Carrizales
|
Batting: SHB Ethan Newby
|
0-0: Swinging Strike 0-1: Ground out 6-3 (Groundball, 6, EV 95.0 MPH)
|
Batting: LHB Dallas Kelly
|
0-0: Ball 1-0: DOUBLE (Flyball, 8LXD, EV 101.2 MPH)
|
Batting: RHB Mike Swift
|
0-0: Ball 1-0: Fly out, F8 (Line Drive, 8RD, EV 92.5 MPH)
|
Batting: RHB Josh Burrows
|
0-0: Swinging Strike 0-1: Foul Ball, location: 2F 0-2: Foul Ball, location: 2F 0-2: Ball 1-2: 2-RUN HOME RUN (Flyball, 78XD, EV 100.6 MPH), Distance : 411 ft
|
Batting: LHB Josh Thomas
|
0-0: Foul Ball, location: 2F 0-1: Ball 1-1: Foul Ball, location: 2F 1-2: Ball 2-2: Ball 3-2: Base on Balls
|
Batting: LHB Falco van Koeveringe
|
0-0: Called Strike 0-1: Fielders Choice at 2nd, 6-4 (Groundball, 6, EV 106.2 MPH)
|
Bottom of the 6th over - 2 runs, 2 hits, 0 errors, 1 left on base; Portland 1 - Roswell 2 |
TOP OF THE 7TH |
Portland Angels batting - Pitching for Roswell Invaders : RHP John Palumbo
|
Pinch Hitting: RHB Khalil Thurston
|
0-0: Foul Ball, location: 2F 0-1: SINGLE (Groundball, 6MS, EV 65.0 MPH) (infield hit)
|
Batting: LHB Mark Reeg
|
0-0: Ball 1-0: Foul Ball, location: 2F 1-1: Foul Ball, location: 2F 1-2: Strikes out swinging
|
Pitching: RHP Jake Priest
|
|
Pinch Hitting: LHB Jamie Diebel
|
0-0: Ball Khalil Thurston is caught stealing 2nd base 2-6 1-0: Ball 2-0: SINGLE (Flyball, 9LS, EV 91.9 MPH)
|
Batting: RHB Dan Burkhart
|
0-0: Called Strike Jamie Diebel steals 2nd, throwing error, E2 Jamie Diebel to third 0-1: Called Strike 0-2: Strikes out swinging
|
Top of the 7th over - 0 runs, 2 hits, 1 error, 1 left on base; Portland 1 - Roswell 2 |
BOTTOM OF THE 7TH |
Roswell Invaders batting - Pitching for Portland Angels : RHP Hector Carrizales
|
Pitching: RHP Eli Mercedes
|
|
Now at 3B: Sean Rocha
|
|
Now in CF: Areda Obote
|
|
Batting: RHB Cody Savastand
|
0-0: Foul Ball, location: 2F 0-1: Ball 1-1: Called Strike 1-2: Ball 2-2: Strikes out swinging
|
Batting: LHB Afanasy Apatenko
|
0-0: Foul Ball, location: 2F 0-1: Foul Ball, location: 2F 0-2: Ball 1-2: Foul Ball, location: 2F 1-2: SINGLE (Line Drive, 4MD, EV 96.9 MPH)
|
Batting: RHB Orlando Florez
|
0-0: Foul Ball, location: 2F 0-1: Foul Ball, location: 2F 0-2: Foul Ball, location: 2F 0-2: Strikes out swinging
|
Batting: SHB Ethan Newby
|
0-0: Ball 1-0: Ground out 4-3 (Groundball, 13, EV 80.6 MPH)
|
Bottom of the 7th over - 0 runs, 1 hit, 0 errors, 1 left on base; Portland 1 - Roswell 2 |
TOP OF THE 8TH |
Portland Angels batting - Pitching for Roswell Invaders : RHP Jake Priest
|
Batting: LHB Dave Hicks
|
0-0: Called Strike 0-1: Foul Ball, location: 2F 0-2: Strikes out swinging
|
Batting: LHB Mario Anguiano
|
0-0: Swinging Strike 0-1: Ball 1-1: Swinging Strike 1-2: Ball 2-2: Strikes out swinging
|
Batting: RHB Juan Rosa
|
0-0: Reached on error, E4 (Line Drive, 4, EV 63.8 MPH)
|
Pitching: RHP Vinny Segura
|
|
Batting: LHB Spencer Palmer
|
0-0: Called Strike 0-1: Ball Wild Pitch! Juan Rosa to second 1-1: Foul Ball, location: 2F 1-2: Ball 2-2: Foul Ball, location: 2F 2-2: SINGLE (Line Drive, 3D, EV 101.2 MPH) Juan Rosa to third Runner from 3rd tries for Home, SAFE, throw by RF to home Spencer Palmer to second
|
Batting: LHB Griffin Ferris
|
0-0: Called Strike 0-1: Called Strike 0-2: Strikes out looking
|
Top of the 8th over - 1 run, 1 hit, 1 error, 1 left on base; Portland 2 - Roswell 2 |
BOTTOM OF THE 8TH |
Roswell Invaders batting - Pitching for Portland Angels : RHP Eli Mercedes
|
Batting: LHB Dallas Kelly
|
0-0: Called Strike 0-1: Ball 1-1: Ball 2-1: Fly out, F9 (Flyball, 9, EV 92.5 MPH)
|
Batting: RHB Mike Swift
|
0-0: Ball 1-0: Ball 2-0: Ball 3-0: Called Strike 3-1: Ground out 5-3 (Groundball, 56, EV 103.1 MPH)
|
Batting: RHB Josh Burrows
|
0-0: Ball 1-0: Foul Ball, location: 2F 1-1: Ball 2-1: Fly out, F8 (Line Drive, 8LD, EV 90.0 MPH)
|
Bottom of the 8th over - 0 runs, 0 hits, 0 errors, 0 left on base; Portland 2 - Roswell 2 |
TOP OF THE 9TH |
Portland Angels batting - Pitching for Roswell Invaders : RHP Vinny Segura
|
Pinch Hitting: LHB Edgar van der Meeren
|
0-0: Called Strike 0-1: Ball 1-1: Swinging Strike 1-2: Ball 2-2: Foul Ball, location: 2F 2-2: Strikes out looking
|
Pinch Hitting: RHB Edward Hillock
|
0-0: Ball 1-0: Ball 2-0: Foul Ball, location: 2F 2-1: Called Strike 2-2: Foul Ball, location: 2F 2-2: Foul Ball, location: 2F 2-2: Strikes out swinging
|
Batting: RHB Sean Rocha
|
0-0: Ball 1-0: Called Strike 1-1: Foul Ball, location: 2F 1-2: Ball 2-2: Strikes out swinging
|
Top of the 9th over - 0 runs, 0 hits, 0 errors, 0 left on base; Portland 2 - Roswell 2 |
BOTTOM OF THE 9TH |
Roswell Invaders batting - Pitching for Portland Angels : RHP Eli Mercedes
|
Pitching: RHP Manuel Vega
|
|
Now in LF: T.J. Gray
|
|
Now in CF: Trevor Kingston
|
|
Batting: LHB Josh Thomas
|
0-0: Ball 1-0: Ground out 4-3 (Groundball, 34, EV 86.9 MPH)
|
Batting: LHB Falco van Koeveringe
|
0-0: Called Strike 0-1: Ground out 4-3 (Groundball, 4, EV 106.2 MPH)
|
Batting: RHB Cody Savastand
|
0-0: Called Strike 0-1: Foul Ball, location: 2F 0-2: Ball 1-2: Strikes out swinging
|
Bottom of the 9th over - 0 runs, 0 hits, 0 errors, 0 left on base; Portland 2 - Roswell 2 |
TOP OF THE 10TH |
Portland Angels batting - Pitching for Roswell Invaders : RHP Vinny Segura
|
Pitching: RHP Jaylen Hatten
|
|
Batting: RHB Dan Burkhart
|
0-0: Ball 1-0: Fly out, F8 (Flyball, 78D, EV 88.1 MPH)
|
Batting: LHB Dave Hicks
|
0-0: Fly out, F7 (Line Drive, 7D, EV 83.8 MPH)
|
Batting: LHB Mario Anguiano
|
0-0: Ball 1-0: Swinging Strike 1-1: Called Strike 1-2: Strikes out swinging
|
Top of the 10th over - 0 runs, 0 hits, 0 errors, 0 left on base; Portland 2 - Roswell 2 |
BOTTOM OF THE 10TH |
Roswell Invaders batting - Pitching for Portland Angels : RHP Manuel Vega
|
Batting: LHB Afanasy Apatenko
|
0-0: Ball 1-0: SINGLE (Flyball, 8LM, EV 87.5 MPH)
|
Batting: RHB Orlando Florez
|
0-0: Ball 1-0: Called Strike 1-1: 2-RUN HOME RUN (Flyball, 9D, EV 101.9 MPH), Distance : 389 ft
|
Bottom of the 10th over - 2 runs, 2 hits, 0 errors, 0 left on base; Portland 2 - Roswell 4 |
|
Game Over ... Roswell defeats Portland, 4 to 2
|
|
|